 Dungeon Crawl Stone Soup version 0.17-a0-1748-g222fba8 (webtiles) character file.

1917 kae the Martial Artist (level 8, -2/59 HPs)
             Began as a Green Draconian Transmuter on Sept 1, 2015.
             Was a Follower of Qazlal.
             Slain by an orc priest
             ... wielding a +0 flail
              (9 damage)
             ... on level 8 of the Dungeon.
             The game lasted 00:17:59 (9802 turns).

kae the Martial Artist (Green Draconian Transmuter) Turns: 9802, Time: 00:17:59

Health: -2/59      AC:  9    Str: 12    XL:     8   Next: 95%
Magic:  11/11      EV: 12    Int: 15    God:    Qazlal [*.....]
Gold:   411        SH:  1    Dex: 13    Spells: 4 memorised, 4 levels left

rFire  . . .     SeeInvis .       - Unarmed
rCold  . . .     Clarity  .     (armour unavailable)
rNeg   . . .     SustAt   .     (no shield)
rPois  +         Gourm    .     (helmet restricted)
rElec  .         Spirit   .     d - +2 cloak
rCorr  .         Warding  .     (no gloves)
rMut   .         Stasis   .     (no boots)
MR     .....                    (no amulet)
Stlth  +.........               s - ring of flight
                                (no ring)

@: not resistant to hostile enchantments, very unstealthy
A: breathe noxious fumes, unfitting armour, poison resistance, cold-blooded, AC
+6
a: Breathe Noxious Fumes, Renounce Religion, Evoke Flight


You were on level 8 of the Dungeon.
You worshipped Qazlal.
Qazlal was aware of your devotion.
You were not hungry.

You visited 2 branches of the dungeon, and saw 9 of its levels.
You also visited: Sewer.

You collected 411 gold pieces.

Inventory:

Missiles
 a - 115 arrows
 i - 17 arrows of frost
Armour
 d - a +2 cloak (worn)
Jewellery
 s - a ring of flight (right hand)
Magical devices
 n - a wand of random effects (26)
Scrolls
 t - 3 scrolls of remove curse
 v - a scroll of fog
Potions
 e - 2 potions of lignification
 g - a potion of curing
 j - a potion of ambrosia
 k - 3 potions of flight
 l - 2 potions of heal wounds
 o - 2 potions of might
 p - a potion of haste
 z - a potion of poison {unknown}
 A - a potion of agility {unknown}
Books
 b - a book of Changes

   Spells                             Type                      Level
   a - Beastly Appendage              Transmutation                1
   b - Sticks to Snakes               Transmutation                2
   c - Spider Form                    Transmutation/Poison         3
   d - Ice Form                       Ice/Transmutation            4
   e - Blade Hands                    Transmutation                5
 u - a book of Beasts

   Spells                             Type                      Level
   a - Summon Butterflies             Summoning                    1
   b - Call Canine Familiar           Summoning                    3
   c - Summon Ice Beast               Ice/Summoning                4
   d - Summon Mana Viper              Hexes/Summoning              5
   e - Summon Hydra                   Summoning                    7
Comestibles
 c - 6 bread rations
 f - 5 beef jerkies
 h - 5 meat rations


   Skills:
 - Level 1.1 Fighting
 - Level 1.7 Dodging
 - Level 10.1 Unarmed Combat
 - Level 2.0 Spellcasting
 + Level 6.8 Transmutations


You had 4 spell levels left.
You knew the following spells:

 Your Spells              Type           Power        Failure   Level  Hunger
a - Beastly Appendage     Trmt           ###...       1%          1    #......
b - Sticks to Snakes      Trmt           ###.......   1%          2    ###....
c - Spider Form           Trmt/Pois      ##........   21%         3    ###....
d - Summon Butterflies    Summ           #.......     21%         1    #......


Dungeon Overview and Level Annotations

Branches:
Dungeon (8/15)             Temple (1/1) D:6
   Lair: D:8-11

Altars:
Ashenzari
Cheibriados
Dithmenos
Elyvilon
Fedhas
Gozag
Kikubaaqudgha
Makhleb
Nemelex Xobeh
Okawaru
Qazlal
Ru
Sif Muna
Trog
Vehumet
Xom
Yredelemnul
Zin
The Shining One


Innate Abilities, Weirdness & Mutations

You can breathe blasts of noxious fumes.
Your lurid green scales are hard (AC +6).
Your body does not fit into most forms of armour.
Your system is resistant to poisons.
You are cold-blooded and may be slowed by cold attacks.


Message History

Something smites you!
A giant gecko comes into view.
There is an open door here.
You hit the orc priest.
The orc priest is moderately wounded.
The orc priest hits you with a flail!
You closely miss the orc priest.
The orc priest is moderately wounded.
You hit the orc priest but do no damage.
The orc priest is moderately wounded.
The orc priest hits you but does no damage.
You barely miss the orc priest.
The orc priest is moderately wounded.
The orc priest calls down the wrath of Beogh upon you.
Something smites you!
* * * LOW HITPOINT WARNING * * *
You hit the orc priest.
The orc priest is heavily wounded.
The orc priest hits you with a flail!
You die...

###...........#
##.#.######.###
#.##.# #[# .###.#
##[## ## #.# ##.).##
#.# ##.....## #.#
#.......## .
#.##.........####...#
...+.....(...@ol.....
#........ยง####...#
##>......## #
##.....## ##...##
##+#


You could see an orc priest and a giant gecko.

Vanquished Creatures
  A hippogriff (D:6)
  An orc warrior (D:7)
  An ogre (D:6)
  4 centaurs
  2 big kobolds
  A scorpion (D:6)
  A killer bee (D:8)
  7 wights
  A centaur zombie (D:6)
  4 orc wizards
  An iguana (D:4)
  A hound (D:8)
  2 centaur skeletons
  A giant frog skeleton (D:6)
  Jessica (D:2)
  An orc priest (D:7)
  6 worker ants
  2 hound zombies
  8 adders
  2 river rats (Sewer)
  An ooze (D:4)
  An adder skeleton (D:4)
  5 worms
  3 giant geckos
  19 orcs
  10 bats
  3 giant cockroaches
  5 hobgoblins
  11 jackals
  12 kobolds
  A quokka (D:2)
  A giant gecko zombie (D:7)
  4 giant newts
  7 goblins
  A jackal skeleton (D:6)
  A jackal zombie (D:5)
  14 rats
147 creatures vanquished.

Vanquished Creatures (others)
  An orc wizard (D:8)
1 creature vanquished.

Grand Total: 148 creatures vanquished

Notes
Turn   | Place    | Note
--------------------------------------------------------------
     0 | D:1      | kae the Draconian Transmuter began the quest for the Orb.
     0 | D:1      | Reached XP level 1. HP: 16/16 MP: 3/3
   224 | D:1      | Reached XP level 2. HP: 23/23 MP: 5/5
   612 | D:1      | Reached skill level 4 in Unarmed Combat
  1151 | D:2      | Noticed Jessica
  1158 | D:2      | Killed Jessica
  1158 | D:2      | Reached XP level 3. HP: 12/28 MP: 4/6
  1791 | D:2      | Reached XP level 4. HP: 27/35 MP: 7/7
  1916 | D:2      | Reached skill level 5 in Unarmed Combat
  2521 | D:2      | Reached XP level 5. HP: 33/40 MP: 6/8
  2907 | D:3      | Found a shattered altar of Ashenzari.
  3449 | D:4      | Reached skill level 6 in Unarmed Combat
  4004 | D:4      | Reached XP level 6. HP: 32/47 MP: 9/9
  4015 | D:4      | Reached skill level 7 in Unarmed Combat
  4448 | D:5      | Entered Level 5 of the Dungeon
  5356 | D:5      | Reached skill level 8 in Unarmed Combat
  5607 | D:5      | Your scales start taking on a lurid green colour.
  5607 | D:5      | Gained mutation: Your system is resistant to poisons. [Green Draconian growth]
  5607 | D:5      | Reached XP level 7. HP: 21/52 MP: 10/10
  6188 | D:6      | Reached skill level 9 in Unarmed Combat
  6225 | D:6      | Found a glowing drain.
  6233 | Sewer    | Entered a sewer
  6484 | Sewer    | Found a white marble altar of Elyvilon.
  6945 | D:6      | Found a staircase to the Ecumenical Temple.
  6961 | Temple   | Entered the Ecumenical Temple
  7059 | Temple   | Became a worshipper of Qazlal Stormbringer
  7124 | D:6      | Reached XP level 8. HP: 55/59 MP: 11/11
  7503 | D:7      | Reached skill level 10 in Unarmed Combat
  7853 | D:7      | Acquired Qazlal's first power
  8477 | D:6      | Reached skill level 5 in Transmutations
  8481 | D:6      | Learned a level 2 spell: Sticks to Snakes
  8485 | D:6      | Learned a level 3 spell: Spider Form
  8487 | D:6      | Learned a level 1 spell: Summon Butterflies
  9251 | D:8      | Noticed a hill giant
  9802 | D:8      | Slain by an orc priest

Vault maps used:
D:1:      sevenhm_arrival_forest_fort_small_5, lemuel_another_geyser
D:2:      serial_forest, infiniplex_forest_corner_1, infiniplex_forest_end_2,
          infiniplex_forest_clump_small, infiniplex_forest_lined_room_2,
          infiniplex_forest_clump_long, infiniplex_forest_lined_ring,
          infiniplex_forest_corner_1, infiniplex_forest_lined_corner,
          infiniplex_forest_side_room, minmay_quantized, uniq_jessica
D:3:      evilmike_ruin_ashenzari, first_bread
D:4:      minivault_1
D:6:      temple_doors_d, lightli_sewer_entry_pipes
Temple:   kilobyte_greek_temple_18
Sewer:    sewer_kobolds

Action                   |  1- 3 |  4- 6 |  7- 9 || total
-------------------------+-------+-------+-------++-------
Melee: Unarmed           |   137 |   277 |   265 ||   679
 Cast: Beastly Appendage |     8 |    22 |    16 ||    46
       Spider Form       |       |       |     2 ||     2
  Use: Scroll            |       |    16 |     5 ||    21
       Potion            |       |     2 |     3 ||     5
 Stab: Sleeping          |       |     2 |     1 ||     3
  Eat: Chunk             |     2 |    14 |    10 ||    26
       Fruit             |       |       |     4 ||     4
       Pizza             |       |       |     1 ||     1
